 Dungeon Crawl Stone Soup version 0.29-a0-813-g4a14ea37d6 (webtiles) character file.

Game seed: 5330908320933592224

5475 kevlar127 the Grappler (level 10, -8/160 HPs)
             Began as a Troll Berserker on July 4, 2022.
             Was a Priest of Trog.
             Mangled by a death yak (20 damage)
             ... on level 8 of the Dungeon.
             The game lasted 00:15:40 (7253 turns).

kevlar127 the Grappler (Troll Berserker)            Turns: 7253, Time: 00:15:40

Health: -8/160     AC:  4    Str: 31    XL:     10   Next: 42%
Magic:  9/9        EV: 10    Int:  3    God:    Trog [***...]
Gold:   203        SH:  0    Dex:  9    Spells: 9/9 levels left

rFire   . . .      SeeInvis .     - Unarmed
rCold   . . .      Faith    .   (no shield)
rNeg    . . .      Spirit   .   a - +0 animal skin
rPois   .          Reflect  .   (helmet restricted)
rElec   .          Harm     .   (no cloak)
rCorr   +          Rampage  .   (gloves unavailable)
Will    ++...                   (boots unavailable)
Stlth   ..........              m - amulet of the acrobat
HPRegen 2.16/turn               n - ring of resist corrosion
MPRegen 0.11/turn               (no ring)

@: berserking (expiring), strong-willed, regenerating, very quick
A: large, unfitting armour, claws 3, regeneration 1, shaggy fur 1, tough skin 1
a: Renounce Religion, Berserk, Trog's Hand


You were on level 8 of the Dungeon.
You worshipped Trog.
Trog was most pleased with you.
You visited 1 branch of the dungeon, and saw 9 of its levels.

You collected 449 gold pieces.
You spent 246 gold pieces at shops.

Inventory:

Missiles
 q - 91 stones
 r - 22 poisoned darts
 v - 5 javelins
 x - 8 boomerangs (quivered)
Armour
 a - a +0 animal skin (worn)
Jewellery
 m - an amulet of the acrobat (around neck)
 n - a ring of resist corrosion (left claw)
Wands
 o - a wand of charming (22)
Scrolls
 b - 4 scrolls of vulnerability {unknown}
 f - 2 scrolls of teleportation {unknown}
 g - 2 scrolls of summoning {unknown}
 j - 5 scrolls of identify {unknown}
 p - 2 scrolls of amnesia
 t - 2 scrolls of enchant armour {unknown}
 w - 2 scrolls of fog
 y - a scroll of blinking
 B - 3 scrolls of magic mapping
 C - 2 scrolls of brand weapon {unknown}
 D - a scroll of noise {unknown}
 E - a scroll of immolation {unknown}
Potions
 c - 3 potions of haste {unknown}
 d - 5 potions of flight {unknown}
 e - 2 potions of brilliance {unknown}
 h - 4 potions of curing
 i - 2 potions of degeneration {unknown}
 k - a potion of invisibility {unknown}
 l - a potion of ambrosia {unknown}
 s - 2 potions of mutation {unknown}
 u - a potion of attraction {unknown}
 z - a potion of resistance {unknown}
 A - 2 potions of lignification {unknown}


   Skills:
 * Level 9.0 Fighting
 + Level 2.9 Throwing
 - Level 3.0 Armour
 - Level 3.0 Dodging
 * Level 10.8 Unarmed Combat


You had 9 spell levels left.
You didn't know any spells.
Your spell library was empty.

Dungeon Overview and Level Annotations

Branches:
Dungeon (9/15)             Temple (0/1) D:5
   Lair: D:8-11         Orc: D:9-12

Altars:
Fedhas
Hepliaklqana
Kikubaaqudgha
Sif Muna
Trog
Uskayaw
Yredelemnul

Shops:
D:1 *   D:6 ?   D:7 *


Innate Abilities, Weirdness & Mutations

You are too large for most types of armour.
You have claws for hands.
Your natural rate of healing is unusually fast.
You are covered in fur. (AC +1)
You have tough skin. (AC +1)


Message History

You scratch the death yak.
The death yak is lightly wounded.
You barely miss the death yak. You claw the death yak!
The death yak is moderately wounded.
The death yak gores you. The death yak gores you!! The death yak gores you!
You mangle the death yak!!
The death yak is severely wounded.
You mangle the death yak!!
The death yak is almost dead.
The death yak barely misses you. The death yak gores you!
* * * LOW HITPOINT WARNING * * *
The death yak gores you!!
* * * LOW HITPOINT WARNING * * *
Unknown command.
You barely miss the death yak.
The death yak is almost dead.
You claw the death yak!
You kill the death yak!
Trog accepts your kill. The death yak gores you!
* * * LOW HITPOINT WARNING * * *
The death yak gores you!
* * * LOW HITPOINT WARNING * * *
Your Fighting skill increases to level 9!
You see here a yak corpse.
You feel a strong urge to attack something.
The death yak completely misses you.
The death yak snorts and paws the ground.
You see here a yak corpse.
You scratch the death yak.
The death yak is lightly wounded.
You claw the death yak!
The death yak is lightly wounded.
The death yak completely misses you.
You mangle the death yak!!
The death yak is heavily wounded.
You mangle the death yak!!
The death yak is severely wounded.
The death yak gores you!!
You die...

######## ##### .......# ##...##
####.#.#########.....############
....###..........................
###..#.........#.>...#.##########
...............##...##.# #
.##.##.###..#..#######.# #
.##.##.###..#.†#######.# #######
....##..##..#.YY@......# #).....
.#..##..##..#.########## #.#####
............#.# #.# #
.#..##..###.#.# #.# # .#..##..#
#.#.##### #.# # .#..##..#
#.#.....# #.# # .#..##..#
#.#####.# #.# # .#.<##..###.# #.#
#.# # ............#
#.#########.## #


You could see 2 death yaks.

Vanquished Creatures
  A death yak (D:8)
  The ghost of wingedge the Conjurer, a novice HuFE of Yredelemnul (D:7)
  2 hornets
  Grinder (D:3)
  A shadow (D:6)
  A wyvern (D:8)
  10 yaks (D:8)
  An orc warrior (D:6)
  2 black bears
  3 ogres
  2 centaurs (D:8)
  A phantom (D:4)
  A kobold brigand (D:6)
  A bullfrog (D:6)
  A necrophage (D:6)
  2 scorpions
  6 killer bees (D:7)
  5 howler monkeys
  A jelly (D:5)
  3 orc priests
  A gnoll bouda (D:5)
  2 iguanas
  Jessica (D:3)
  Terence (D:2)
  2 orc wizards
  7 gnolls
  8 adders
  2 white imps
  An ufetubus (D:7)
  A worm (D:3)
  3 dart slugs
  14 orcs
  7 ball pythons
  4 endoplasms
  8 giant cockroaches
  4 hobgoblins
  4 jackals
  12 kobolds
  8 quokkas
  5 bats
  10 frilled lizards (D:2)
  11 goblins
162 creatures vanquished.

Vanquished Creatures (others)
  21 plants
  2 withered plants (D:7)
23 creatures vanquished.

Grand Total: 185 creatures vanquished

Notes
Turn   | Place    | Note
-------+----------+-------------------------------------------
     0 | D:1      | kevlar127 the Troll Berserker began the quest for the Orb.
     0 | D:1      | Reached XP level 1. HP: 22/22 MP: 0/0
    20 | D:1      | Found Jobocku's Assorted Antiques.
   426 | D:1      | Reached XP level 2. HP: 29/29 MP: 1/1
   852 | D:2      | Reached XP level 3. HP: 36/36 MP: 2/2
   961 | D:2      | Noticed Terence
   967 | D:2      | Killed Terence
  1193 | D:2      | Reached ** piety under Trog
  1194 | D:2      | Reached XP level 4. HP: 40/45 MP: 3/3
  1818 | D:3      | Noticed Grinder
  1834 | D:3      | Killed Grinder
  1835 | D:3      | Reached skill level 5 in Unarmed Combat
  1835 | D:3      | Reached XP level 5. HP: 29/54 MP: 4/4
  1835 | D:3      | Reached XP level 6. HP: 33/62 MP: 5/5
  1980 | D:3      | Found a blossoming altar of Fedhas.
  2164 | D:3      | Noticed Jessica
  2171 | D:3      | Killed Jessica
  2400 | D:3      | Found a basalt altar of Yredelemnul.
  2601 | D:4      | Found a hide-covered altar of Uskayaw.
  2629 | D:4      | Reached XP level 7. HP: 55/71 MP: 6/6
  2635 | D:4      | Reached skill level 5 in Fighting
  2635 | D:4      | Reached skill level 1 in Armour
  2635 | D:4      | Reached skill level 6 in Unarmed Combat
  2678 | D:4      | Reached *** piety under Trog
  3094 | D:5      | Entered Level 5 of the Dungeon
  3095 | D:5      | Found a staircase to the Ecumenical Temple.
  4053 | D:5      | Reached XP level 8. HP: 70/81 MP: 7/7
  4127 | D:5      | Reached skill level 7 in Unarmed Combat
  4601 | D:6      | Found Melor's Magic Scroll Shoppe.
  4606 | D:6      | Bought a scroll of blinking for 112 gold pieces
  4606 | D:6      | Bought a scroll of magic mapping for 52 gold pieces
  4606 | D:6      | Bought a scroll of amnesia for 52 gold pieces
  4606 | D:6      | Bought a scroll of fog for 30 gold pieces
  4772 | D:6      | Noticed a hornet
  4776 | D:6      | Paralysed by a hornet for 2 turns
  4780 | D:6      | Killed a hornet
  4804 | D:6      | Reached skill level 8 in Unarmed Combat
  4893 | D:6      | Found an ancient bone altar of Kikubaaqudgha.
  4893 | D:6      | Found a shimmering blue altar of Sif Muna.
  5184 | D:6      | Reached XP level 9. HP: 92/92 MP: 8/8
  5606 | D:7      | Found a runed translucent door.
  5608 | D:7      | Noticed wingedge's ghost (novice HuFE)
  5954 | D:7      | Found Osuboisu's Hallowed Reliquary.
  5956 | D:7      | Noticed an angel
  6147 | D:7      | Killed wingedge's ghost
  6148 | D:7      | Reached skill level 9 in Unarmed Combat
  6344 | D:8      | Reached skill level 1 in Throwing
  6351 | D:8      | Reached skill level 10 in Unarmed Combat
  6368 | D:8      | Reached XP level 10. HP: 16/106 MP: 9/9
  6494 | D:8      | Found a bloodstained altar of Trog.
  6494 | D:8      | Found a hazy altar of Hepliaklqana.
  6768 | D:8      | Reached **** piety under Trog
  7086 | D:9      | Noticed a death yak
  7092 | D:9      | Noticed a death yak
  7092 | D:9      | Noticed a death yak
  7246 | D:8      | Killed a death yak
  7246 | D:8      | HP: 3/159 [death yak (16)]
  7253 | D:8      | Mangled by a death yak

Illustrated notes

Levels and vault maps discovered:
D:1:      wander_arrival_chamber, layout_loops_corners, serial_shops,
          shop_statue, chequers_serial_rivers_small_3, wad_floor_pattern_2,
          hangedman_abyss_or_decor_stabs
D:2:      layout_basic, serial_bayou_pond_a, serial_bayou_pond_b,
          minmay_lizard_king, uniq_terence
D:3:      layout_loops_ring, mainiacjoe_overflow_cross_hatched,
          mainiacjoe_overflow_alcove_4, grunt_decor_resistance, uniq_grinder,
          uniq_jessica
D:4:      layout_loops_ring, mainiacjoe_overflow_concentric_impassable
D:5:      layout_cave_pools, minmay_temple_entry_mini_moons
D:6:      layout_gridville, jmf_multi_god_temple, serial_shops,
          nicolae_shop_trees
D:7:      layout_loops_ring, gammafunk_ghost_grave, nicolae_good_shop
D:8:      layout_loops_ring, gammafunk_temple_overflow_pools, enter_bailey_3
D:9:      layout_roguey, dpeg_lair_monsters, serial_undead, serial_undead_c,
          serial_undead_a, serial_undead_a, serial_undead_d, minmay_between

Skill      XL: |  1  2  3  4  5  6  7  8  9 10 |
---------------+-------------------------------+-----
Fighting       | 3 4 5 6 8 9 |  9.0
Dodging        | 3 |  3.0
Unarmed Combat | 5 6 8 10 | 10.8
Armour         | 1 3 |  3.0
Throwing       | 1 2 |  2.9

Action                   |  1- 3 |  4- 6 |  7- 9 | 10-12 || total
-------------------------+-------+-------+-------+-------++-------
Melee: Unarmed           |    79 |   125 |   211 |    43 ||   458
       Punch             |     1 |     1 |    11 |     3 ||    16
Throw: Boomerang         |       |       |     5 |    14 ||    19
Invok: Trog's Hand       |       |     1 |     5 |     2 ||     8
       Berserk           |       |     1 |     1 |     2 ||     4
Armor: Animal skin       |    31 |    27 |    44 |    10 ||   112
Dodge: Dodged            |    38 |    82 |   168 |    34 ||   322

Table legend: (Time is in decaauts)
 A = Elapsed time spent in this place.
 B = Non-inter-level travel time spent in this place.
 C = Inter-level travel time spent in this place.
 D = Time resting spent in this place.
 E = Time spent auto-exploring this place.
 F = Levels seen in this place.
 G = Mean time per level.
                   A        B        C        D        E       F      G
               +--------+--------+--------+--------+--------+-----+--------+
         Total |   7243 |   6949 |    294 |   1312 |   4635 |   9 |  804.8 |
       Dungeon |   7243 |   6949 |    294 |   1312 |   4635 |   9 |  804.8 |
               +--------+--------+--------+--------+--------+-----+--------+

Top non-repeatable levels by time:
     D:4: 1196 daAuts
     D:8: 1037 daAuts
     D:6: 982 daAuts
     D:1: 901 daAuts
     D:2: 868 daAuts
     D:5: 795 daAuts
     D:7: 776 daAuts
     D:3: 675 daAuts
     D:9: 10 daAuts
